[Event "26th Hit Open-A 2022"]
[Site "Nova Gorica"]
[Date "2022.09.17"]
[Round "3.10"]
[White "Lodici, Lorenzo"]
[Black "Garsky, Vladyslav"]
[Result "1-0"]
[ECO "A55"]
[WhiteElo "2559"]
[BlackElo "2229"]
[Annotator "ChessBase"]
[PlyCount "77"]
[EventDate "2022.09.16"]
[EventType "swiss"]
[EventCountry "SLO"]
[SourceTitle "playchess.com"]
[Source "ChessBase"]
[SourceQuality "1"]
[TimeControl "5400+30"]

1. e4 c6 2. Nf3 d6 3. c4 Nf6 4. Nc3 e5 5. d4 Qc7 6. Be2 Be7 7. O-O O-O 8. Re1 Nbd7 9. Bf1 Re8 10. h3 Nf8 11. Rb1 a5 12. Be3 Ng6 13. Qc2 Rb8 14. Rbc1 Nd7 15. g3 h5 16. h4 Nf6 17. dxe5 dxe5 18. Na4 b6 19. c5 b5 20. Nb6 Ng4 21. Bd2 Bxc5 22. Qxc5 Qxb6 23. Qxb6 Rxb6 24. Bxa5 Ra6 25. b4 f5 26. exf5 Bxf5 27. a4 Bd7 28. Ng5 Nf6 29. Bd3 e4 30. Nxe4 Nxe4 31. Bxe4 Ne5 32. axb5 cxb5 33. Bc7 Rae6 34. Red1 Bc6 35. Bxc6 Rxc6 36. Rxc6 Nxc6 37. Rd5 Nxb4 38. Rxb5 Na6 39. Bf4 1-0

[Event "26th Hit Open-A 2022"]
[Site "Nova Gorica"]
[Date "2022.09.17"]
[Round "3.11"]
[White "Thybo, Jesper Sondergaard"]
[Black "Karlusic, Luka"]
[Result "1/2-1/2"]
[ECO "B40"]
[WhiteElo "2516"]
[BlackElo "2215"]
[Annotator "ChessBase"]
[PlyCount "94"]
[EventDate "2022.09.16"]
[EventType "swiss"]
[EventCountry "SLO"]
[SourceTitle "playchess.com"]
[Source "ChessBase"]
[SourceQuality "1"]
[TimeControl "5400+30"]

1. e4 c5 2. Nf3 e6 3. g3 d5 4. exd5 exd5 5. d4 Nc6 6. Bg2 Bg4 7. h3 Qe7+ 8. Kf1 Bxf3 9. Qxf3 Nxd4 10. Qd3 Nf6 11. Bg5 O-O-O 12. Nc3 Ne6 13. Re1 d4 14. Nd5 Qd6 15. Bxf6 gxf6 16. Qf5 Bg7 17. Nf4 Rhe8 18. Bd5 Kb8 19. Bxe6 fxe6 20. Rxe6 Rxe6 21. Nxe6 Rd7 22. Nxc5 Re7 23. Kg2 Re2 24. Rd1 Bh6 25. Qf3 Qc6 26. Qxc6 bxc6 27. Rxd4 Rxc2 28. Rd8+ Kc7 29. Rd7+ Kb6 30. Nd3 c5 31. Rd6+ Kb5 32. Rxf6 Bg7 33. Rf7 Bd4 34. a4+ Kc4 35. Rf3 Bxb2 36. Nxb2+ Rxb2 37. Rf7 Kd3 38. Rd7+ Ke4 39. Rxh7 c4 40. Rc7 Kd3 41. h4 c3 42. h5 c2 43. h6 Rb6 44. h7 Rh6 45. Kf3 Rf6+ 46. Kg2 Rh6 47. Kf3 Rf6+ 1/2-1/2

[Event "26th Hit Open-A 2022"]
[Site "Nova Gorica"]
[Date "2022.09.17"]
[Round "3.12"]
[White "Beliavsky, Alexander G"]
[Black "Leitner, Gerald"]
[Result "0-1"]
[ECO "D45"]
[WhiteElo "2505"]
[BlackElo "2181"]
[Annotator "ChessBase"]
[PlyCount "92"]
[EventDate "2022.09.16"]
[EventType "swiss"]
[EventCountry "SLO"]
[SourceTitle "playchess.com"]
[Source "ChessBase"]
[SourceQuality "1"]
[TimeControl "5400+30"]

1. d4 Nf6 2. c4 c6 3. Nc3 d5 4. Nf3 e6 5. e3 Nbd7 6. Qc2 Bd6 7. b3 O-O 8. Be2 dxc4 9. bxc4 e5 10. O-O Re8 11. a4 exd4 12. exd4 b6 13. Bb2 Bb7 14. Rad1 Rc8 15. Bd3 Qc7 16. g3 Bf8 17. Bc1 Rcd8 18. Rfe1 h6 19. Nh4 Rxe1+ 20. Rxe1 Re8 21. Rd1 Qd8 22. Nf5 Nb8 23. Bf1 Na6 24. Na2 Bc8 25. Ne3 Nc7 26. Bg2 Bd7 27. Nc3 Ne6 28. Nf5 Qc8 29. h4 b5 30. Ne4 Nxe4 31. Bxe4 bxc4 32. Qxc4 Nd8 33. Qc2 Rxe4 34. Nxh6+ gxh6 35. Qxe4 Be6 36. Qd3 Bd5 37. Kh2 Qg4 38. Bf4 Ne6 39. Rg1 Bg7 40. Qd1 Bf3 41. Qd2 Nxd4 42. Be3 c5 43. Bxd4 Qxd4 44. Qxd4 cxd4 45. Rc1 d3 46. Rc8+ Kh7 0-1

[Event "26th Hit Open-A 2022"]
[Site "Nova Gorica"]
[Date "2022.09.17"]
[Round "3.13"]
[White "Zamar Kodelja, Jurij"]
[Black "Subelj, Jan"]
[Result "1/2-1/2"]
[ECO "D31"]
[WhiteElo "2241"]
[BlackElo "2505"]
[Annotator "ChessBase"]
[PlyCount "104"]
[EventDate "2022.09.16"]
[EventType "swiss"]
[EventCountry "SLO"]
[SourceTitle "playchess.com"]
[Source "ChessBase"]
[SourceQuality "1"]
[TimeControl "5400+30"]

1. d4 d5 2. c4 e6 3. Nc3 c6 4. cxd5 exd5 5. Qc2 Bd6 6. Nf3 h6 7. e4 dxe4 8. Qxe4+ Qe7 9. Be2 Nf6 10. Qd3 Na6 11. a3 Bg4 12. O-O O-O 13. b4 Nc7 14. b5 Nxb5 15. Nxb5 cxb5 16. Qxb5 Bd7 17. Qd3 Bc6 18. Bb2 Nd5 19. g3 Nb6 20. Ne5 Bxe5 21. dxe5 Rfd8 22. Qe3 Qe6 23. f3 Nc4 24. Bxc4 Qxc4 25. Rac1 Qd5 26. Qc3 Rd7 27. Rf2 Rad8 28. e6 fxe6 29. Re1 Qf5 30. Re5 Rd3 31. Rxf5 Rxc3 32. Bxc3 exf5 33. f4 Rd1+ 34. Rf1 Rd3 35. Rc1 g5 36. Bb4 Kf7 37. Re1 Be4 38. Re2 Rb3 39. Rd2 Bd3 40. Kf2 b6 41. Ke3 Be4+ 42. Kd4 a5 43. Bd6 Ke6 44. Bf8 gxf4 45. gxf4 Kf7 46. Bd6 Rh3 47. Ke5 b5 48. Bc5 Bd3 49. Bd6 Kg6 50. Bf8 Kf7 51. Bd6 Kg6 52. Bf8 Kf7 1/2-1/2

[Event "26th Hit Open-A 2022"]
[Site "Nova Gorica"]
[Date "2022.09.17"]
[Round "3.14"]
[White "Diermair, Andreas"]
[Black "Acimovic, Sergej"]
[Result "1-0"]
[ECO "A49"]
[WhiteElo "2468"]
[BlackElo "2114"]
[Annotator "ChessBase"]
[PlyCount "77"]
[EventDate "2022.09.16"]
[EventType "swiss"]
[EventCountry "SLO"]
[SourceTitle "playchess.com"]
[Source "ChessBase"]
[SourceQuality "1"]
[TimeControl "5400+30"]

1. Nf3 Nf6 2. g3 g6 3. b3 Bg7 4. Bb2 O-O 5. Bg2 d6 6. d4 Nbd7 7. O-O c6 8. Nbd2 Qc7 9. a4 Rb8 10. e4 c5 11. d5 b6 12. Re1 a6 13. Nc4 b5 14. axb5 axb5 15. Na5 Bb7 16. e5 Ng4 17. exd6 exd6 18. Bxg7 Kxg7 19. Ng5 h5 20. h3 Nh6 21. Qd3 Ne5 22. Qc3 b4 23. Qb2 Kg8 24. f4 Nd7 25. Nc6 Bxc6 26. dxc6 Nb6 27. Ne4 Nd5 28. Rad1 Nc3 29. Nf6+ Kg7 30. Nd5 Qa5 31. Ra1 Qb5 32. Nxc3 bxc3 33. Qxc3+ Kg8 34. Qf6 Qb4 35. Bd5 Kh7 36. Rad1 Rbe8 37. c3 Ng8 38. Qxf7+ Rxf7 39. cxb4 1-0

[Event "26th Hit Open-A 2022"]
[Site "Nova Gorica"]
[Date "2022.09.17"]
[Round "3.15"]
[White "Holtel, Jasper"]
[Black "Rozman, Monika"]
[Result "1-0"]
[ECO "A04"]
[WhiteElo "2406"]
[BlackElo "2111"]
[Annotator "ChessBase"]
[PlyCount "99"]
[EventDate "2022.09.16"]
[EventType "swiss"]
[EventCountry "SLO"]
[SourceTitle "playchess.com"]
[Source "ChessBase"]
[SourceQuality "1"]
[TimeControl "5400+30"]

1. Nf3 f5 2. g3 Nf6 3. Bg2 g6 4. b4 Bg7 5. Bb2 O-O 6. c4 e6 7. O-O Qe7 8. Qb3 Nc6 9. a3 d6 10. d4 Ne4 11. d5 Nd8 12. Nbd2 Nxd2 13. Nxd2 e5 14. Rac1 g5 15. c5 g4 16. cxd6 cxd6 17. e3 Nf7 18. Rc2 Qg5 19. Rc7 Bf6 20. Rfc1 e4 21. Bxf6 Qxf6 22. Bf1 Ne5 23. Be2 Rb8 24. Nc4 Nf7 25. Qc3 Qh6 26. b5 Rd8 27. Qa5 Bd7 28. a4 Qh3 29. Bf1 Qh5 30. Nd2 a6 31. Qb6 axb5 32. a5 Rbc8 33. Rxd7 Rxc1 34. Rxd8+ Nxd8 35. Qxd8+ Kg7 36. Qxd6 Qf7 37. Nb3 Qc7 38. Qb4 Rd1 39. Qxb5 Kf6 40. Nd4 f4 41. gxf4 Rxd4 42. Qb2 Qxa5 43. Qxd4+ Kf7 44. Qxe4 h5 45. d6 h4 46. Qe7+ Kg8 47. Bc4+ Kh8 48. Qf8+ Kh7 49. Bd3+ Qf5 50. Bxf5# 1-0

[Event "26th Hit Open-A 2022"]
[Site "Nova Gorica"]
[Date "2022.09.17"]
[Round "3.16"]
[White "Acimovic, Vasja"]
[Black "Drazic, Sinisa"]
[Result "0-1"]
[ECO "A40"]
[WhiteElo "2237"]
[BlackElo "2327"]
[Annotator "ChessBase"]
[PlyCount "131"]
[EventDate "2022.09.16"]
[EventType "swiss"]
[EventCountry "SLO"]
[SourceTitle "playchess.com"]
[Source "ChessBase"]
[SourceQuality "1"]
[TimeControl "5400+30"]

1. d4 e6 2. Bf4 c5 3. e3 Nc6 4. c3 d5 5. Nd2 Bd6 6. Bg3 Nge7 7. Bd3 e5 8. dxe5 Nxe5 9. Be2 Bf5 10. Ndf3 N5c6 11. Bd3 Bg4 12. Qa4 c4 13. Be2 b5 14. Qd1 Bxg3 15. hxg3 b4 16. Nd4 Bxe2 17. Ngxe2 Ne5 18. O-O bxc3 19. bxc3 Qa5 20. Qc2 O-O 21. Nf4 g6 22. Rfd1 Rab8 23. Rd2 Rb6 24. Rad1 Ng4 25. Nde2 Nf6 26. f3 h5 27. Nd4 Rfb8 28. Qc1 Kg7 29. Qa1 Qa3 30. Nc2 Qc5 31. Nd4 Kg8 32. a4 a6 33. Kh2 Kh7 34. Nh3 Kg7 35. Nf4 Kg8 36. Nh3 Qc7 37. Nf2 Kg7 38. Qa3 R6b7 39. f4 Neg8 40. Re2 Re8 41. Rde1 Nh6 42. Kg1 Nhg4 43. Qc1 Nxf2 44. Rxf2 Ne4 45. Rb2 Reb8 46. Ree2 Nxg3 47. Rec2 Ne4 48. Ne2 Qc5 49. Nd4 Qc7 50. Ne2 Qd7 51. Rxb7 Qxb7 52. Qd1 Qb1 53. Rc1 Qd3 54. Qxd3 cxd3 55. Nd4 Nxc3 56. Rxc3 d2 57. Rd3 Rb1+ 58. Kf2 d1=Q 59. Rxd1 Rxd1 60. Nb3 Rb1 61. Nc5 a5 62. Kf3 Rb4 63. g3 Rc4 64. Nd7 d4 65. exd4 Rxd4 66. Ke3 0-1

[Event "26th Hit Open-A 2022"]
[Site "Nova Gorica"]
[Date "2022.09.17"]
[Round "3.17"]
[White "Gregoric, Andraz"]
[Black "Rakesh Kumar Jena"]
[Result "1-0"]
[ECO "B10"]
[WhiteElo "2182"]
[BlackElo "2321"]
[Annotator "ChessBase"]
[PlyCount "82"]
[EventDate "2022.09.16"]
[EventType "swiss"]
[EventCountry "SLO"]
[SourceTitle "playchess.com"]
[Source "ChessBase"]
[SourceQuality "1"]
[TimeControl "5400+30"]

1. e4 c6 2. Nf3 d5 3. d3 dxe4 4. dxe4 Qxd1+ 5. Kxd1 Bg4 6. Be2 Nd7 7. Ne1 Bxe2+ 8. Kxe2 O-O-O 9. Nd3 e5 10. a4 c5 11. b3 Ne7 12. a5 Nc6 13. c3 Bd6 14. Nd2 Bc7 15. Nc4 b5 16. axb6 axb6 17. Be3 Kb7 18. Na3 f5 19. exf5 Nf6 20. Nb5 e4 21. Nb2 Nd5 22. Ra4 Rhe8 23. Nc4 Bb8 24. g4 Na7 25. Ncd6+ Kc6 26. Nxa7+ Kxd6 27. Rd1 Kc7 28. Nb5+ Kc6 29. c4 Nb4 30. Rxd8 Rxd8 31. h4 Nc2 32. Nc3 Re8 33. Nd5 Nd4+ 34. Bxd4 cxd4 35. Ra6 Bc7 36. Nxc7 Kxc7 37. Ra7+ Kc6 38. Rxg7 Ra8 39. f6 d3+ 40. Ke3 Ra2 41. Rg5 Re2+ 1-0

[Event "26th Hit Open-A 2022"]
[Site "Nova Gorica"]
[Date "2022.09.17"]
[Round "3.18"]
[White "Herega, Nejc"]
[Black "Sharan, Rao"]
[Result "0-1"]
[ECO "D45"]
[WhiteElo "2146"]
[BlackElo "2312"]
[Annotator "ChessBase"]
[PlyCount "66"]
[EventDate "2022.09.16"]
[EventType "swiss"]
[EventCountry "SLO"]
[SourceTitle "playchess.com"]
[Source "ChessBase"]
[SourceQuality "1"]
[TimeControl "5400+30"]

1. d4 d5 2. c4 e6 3. Nc3 Nf6 4. Nf3 c6 5. e3 Nbd7 6. Qc2 Bd6 7. g4 h6 8. Rg1 e5 9. h3 e4 10. Nh4 g6 11. Bd2 a6 12. O-O-O b5 13. f3 exf3 14. Nxf3 bxc4 15. e4 Bb4 16. exd5 Bxc3 17. Bxc3 cxd5 18. Bb4 Nf8 19. Re1+ Ne6 20. Ne5 Qb6 21. Bc5 Qa5 22. Bxc4 dxc4 23. Qg2 Qc7 24. Qxa8 Nxc5 25. Nxg6+ Kd8 26. Nxh8 Qf4+ 27. Kb1 Qxd4 28. Nxf7+ Kc7 29. Ne5 Bb7 30. Qf8 Be4+ 31. Ka1 Qxe5 32. Rc1 Nfd7 33. Qxh6 Nb3+ 0-1

[Event "26th Hit Open-A 2022"]
[Site "Nova Gorica"]
[Date "2022.09.17"]
[Round "3.19"]
[White "Hercog, Nusa"]
[Black "Manish Anto Cristiano F"]
[Result "1/2-1/2"]
[ECO "D30"]
[WhiteElo "2019"]
[BlackElo "2249"]
[Annotator "TA"]
[PlyCount "72"]
[EventDate "2022.09.16"]
[EventType "swiss"]
[EventCountry "SLO"]
[SourceTitle "playchess.com"]
[Source "ChessBase"]
[SourceQuality "1"]
[TimeControl "5400+30"]

1. d4 d5 2. c4 c6 3. Nf3 Nf6 4. e3 e6 5. Nbd2 Nbd7 6. Bd3 dxc4 7. Nxc4 b5 8. Nce5 {[%emt 0:00:11] D30: Queen's Gambit Declined: Systems without Nc3.} Bb7 9. O-O Be7 (9... a6 $14 {should be considered.}) 10. a4 {[%emt 0:02:14] White has more active pieces. The black rooks are badly placed. White is better.} b4 $2 {[%emt 0:00:15] [#]} (10... O-O $16) 11. Nxf7 $146 ({Predecessor:} 11. a5 O-O 12. a6 Nxe5 13. dxe5 Bc8 14. exf6 Bxf6 15. Qc2 h6 16. Bd2 Qb6 17. Rac1 Bxa6 18. Bxa6 Qxa6 19. Bxb4 {1-0 (26) Turner,M (2509)-Thomas,I Chess.com INT 2021}) 11... Kxf7 12. Ng5+ Kg8 13. Nxe6 Qe8 14. Nc7 {[%emt 0:10:08][%csl LRa8,LRe8][%mdl 64] Deflection} Qf7 {[%emt 0:00:35] And now ...Rc8 would win.} 15. Nxa8 Bxa8 16. e4 h5 17. Qe2 Qe8 18. Bc4+ Kf8 19. e5 Nd5 20. Bxd5 cxd5 21. f4 Bb7 22. Bd2 Rh6 23. f5 Rc6 24. Rfc1 Rc4 25. Be3 {[%emt 0:09:47] aiming for b3.} Ba6 (25... Bd8 $142 26. Rxc4 Ba6) 26. Qf3 Rxc1+ (26... Bd8 {was necessary.} 27. b3 Rc3 28. Rxc3 (28. Qxd5 Nb6 $18) 28... bxc3 29. Qxd5 Qe7) 27. Rxc1 (27. Bxc1 Bb7 28. f6 Bd8 $18) 27... Bc4 28. f6 Bd8 29. Bg5 (29. b3 $142 Bxb3 30. Rc8 gxf6 31. Bh6+ Kf7 32. Qxb3) 29... Bb6 30. fxg7+ Kxg7 {[%emt 0:00:11] Strongly threatening ...Qxe5.} 31. Bf6+ Nxf6 32. exf6+ (32. Qxf6+ $16 Kg8 33. e6) 32... Kg6 $2 (32... Kf8 $1 $11 {and Black is okay.} 33. Qf4 Kf7) 33. Qf4 $2 (33. Qg3+ $18 Kxf6 34. Re1 Bxd4+ 35. Kh1) 33... Qe6 $2 {[%emt 0:02:30][%mdl 8192] [#]} ({Much less strong is} 33... Kf7 34. b3 Bd3 35. Qh6 (35. Qg5 Bxd4+ 36. Kh1 Ke6 $11) 35... Bxd4+ 36. Kh1 $14) (33... Bc7 $11 34. Qf2 Bd6) 34. b3 $1 Ba6 $2 (34... Qg4 35. Qxg4+ hxg4) 35. a5 $2 (35. f7 Bc5 36. dxc5 Qxf7 37. Qd6+ Qf6 38. Qxd5) 35... Bd8 36. f7 {[%emt 0:00:20] Dancing on a razor blade.} Be7 {[%emt 0:00:56][%mdl 32768] Weighted Error Value: White=0.51/Black=0.57. An unexpected result.} 1/2-1/2

[Event "26th Hit Open-A 2022"]
[Site "Nova Gorica"]
[Date "2022.09.17"]
[Round "3.20"]
[White "Ronka, Erik"]
[Black "Devnani Kush"]
[Result "1/2-1/2"]
[ECO "B90"]
[WhiteElo "2248"]
[BlackElo "2095"]
[Annotator "TA"]
[PlyCount "98"]
[EventDate "2022.09.16"]
[EventType "swiss"]
[EventCountry "SLO"]
[SourceTitle "playchess.com"]
[Source "ChessBase"]
[SourceQuality "1"]
[TimeControl "5400+30"]

1. e4 c5 2. Nf3 d6 3. d4 cxd4 4. Nxd4 Nf6 5. Nc3 a6 6. Be3 e5 7. Nb3 Be7 8. f3 Be6 9. Qd2 h5 10. Nd5 Nxd5 11. exd5 Bf5 {[%emt 0:00:05] B90: Sicilian Najdorf: Unusual White 6th moves, 6 Be3 Ng4 and 6 Be3 e5.} 12. Be2 a5 $1 {[%emt 0:02:07][%mdl 4] outshines the older 12...Nd7.} 13. Rc1 {[%emt 0:07:28] [#]} Bh4+ $146 ({Predecessor:} 13... a4 14. Na1 Nd7 15. c4 O-O 16. O-O Nc5 17. Nc2 Bg6 18. Na3 Rc8 19. Nb5 Qd7 20. Na7 Ra8 21. Nb5 Rac8 22. Na7 Ra8 23. Nb5 Rac8 {½-½ (23) Zwahr,P (2278)-Tisaj,D (2356) Innsbruck 2021}) 14. g3 Be7 15. O-O a4 16. Na1 Bh3 17. Rf2 Nd7 18. Bf1 (18. c4 $11) 18... Bxf1 $15 19. Rfxf1 h4 20. g4 O-O 21. c4 f5 22. h3 Qe8 23. b4 (23. Nc2 $15) 23... axb3 24. axb3 (24. Nxb3 $17 {was the only chance.} Qg6 25. Rce1) 24... Qg6 $19 25. b4 (25. Qe2 $142) 25... fxg4 26. hxg4 e4 27. fxe4 (27. f4 Qxg4+ 28. Qg2 Qxg2+ 29. Kxg2) 27... Ne5 28. Qg2 {[%emt 0:02:04] Against Nf3+} Rxf1+ 29. Rxf1 Nxc4 30. Bf4 Ra3 {[%emt 0:00:32] Inhibits Nb3.} 31. Nc2 {[%emt 0:02:55] Against Ne3} Ra2 32. Rf2 Bf6 {[%emt 0:00:50] Prevents Nd4.} (32... Bd8 $19 {and Black stays clearly on top.} 33. Ne3 Nxe3 34. Bxe3 Ra3) 33. g5 $17 {[%emt 0:02:44] [#]} Be5 (33... Bd8 $1 $17 {[%cal Rd8b6] Hoping for ...Bb6.} 34. Qg4 Qxe4) 34. Bxe5 $2 (34. Qg4 $1 $11 {and White has nothing to worry.}) 34... Nxe5 $19 35. Nd4 $2 (35. Ne3 {nothing else works.} Rxf2 36. Kxf2) 35... Rxf2 36. Kxf2 {[%emt 0:00:08][%mdl 4096] Endgame KQN-KQN} Nd3+ $2 ({Black should play} 36... Qh5 $19 {And now ...h3 would win.} 37. Nf3 Nxf3 38. Qxf3 Qxg5) 37. Ke3 $11 Nxb4 (37... Ne5 $11 {feels stronger.} 38. Nf3 Qh5 39. Nxe5 dxe5) 38. Qg4 (38. Ne6 $1 $14 Na6 39. Qg4) 38... h3 $2 (38... Qe8 $11) 39. Qc8+ $18 Kf7 40. Ne6 Nxd5+ 41. exd5 Qf5 42. Qf8+ Kg6 43. Qxg7+ (43. Nf4+ $142 Kxg5 44. Qxg7+ Kh4 45. Kf3 Qd3+ 46. Nxd3 Kh5 47. Nf4+ Kh4 48. Qh6#) 43... Kh5 44. Nf4+ $2 ({Better is} 44. Qh8+ $18 Kg4 45. Qd4+ Kg3 46. g6 Qf2+ 47. Kd3) 44... Kg4 $11 {[%emt 0:00:05] [#]} 45. Nxh3 Qf3+ {[%emt 0:00:52] The position is equal.} 46. Kd4 {[%emt 0:00:22] Qd7+ is the strong threat.} Qd1+ 47. Kc4 Qa4+ 48. Kd3 {[%emt 0:00:08] Intending Qd4+ and mate.} Qd1+ 49. Kc4 {[%emt 0:00:41] Threatening mate with Nf2+.} Qa4+ {[%emt 0:00:59] Black defended with fortune.  Weighted Error Value: White=0.71/Black=0.91} 1/2-1/2

[Event "26th Hit Open-A 2022"]
[Site "Nova Gorica"]
[Date "2022.09.17"]
[Round "3.21"]
[White "Goroshkov, Maksym"]
[Black "Lohia, Sohum"]
[Result "1/2-1/2"]
[ECO "D24"]
[WhiteElo "2315"]
[BlackElo "2185"]
[Annotator "ChessBase"]
[PlyCount "105"]
[EventDate "2022.09.16"]
[EventType "swiss"]
[EventCountry "SLO"]
[SourceTitle "playchess.com"]
[Source "ChessBase"]
[SourceQuality "1"]
[TimeControl "5400+30"]

1. d4 Nf6 2. Nf3 e6 3. c4 d5 4. Nc3 dxc4 5. e3 a6 6. a4 b6 7. Bxc4 Bb7 8. O-O Bb4 9. Bd2 O-O 10. Ne4 Bxd2 11. Nexd2 Nbd7 12. Qe2 c5 13. Rfd1 Qe7 14. Rac1 cxd4 15. exd4 Nd5 16. Ne4 h6 17. Ne5 N7f6 18. Nxf6+ Nxf6 19. Ba2 Rac8 20. a5 bxa5 21. Ng6 fxg6 22. Qxe6+ Qxe6 23. Bxe6+ Kh7 24. Bxc8 Rxc8 25. Rxc8 Bxc8 26. Ra1 Bd7 27. Rxa5 Bb5 28. Ra1 g5 29. f3 Kg6 30. Re1 Nd5 31. g3 Nb4 32. h4 gxh4 33. gxh4 Nd3 34. Re2 Kh5 35. d5 Kxh4 36. Re7 g6 37. d6 Nc5 38. Kf2 Nd7 39. Ke3 Kg5 40. Rf7 h5 41. f4+ Kh6 42. Re7 Bc6 43. f5 h4 44. fxg6 Kxg6 45. Kf4 Kf6 46. Rh7 Ne5 47. Ra7 Bb5 48. Rh7 Bd7 49. b4 h3 50. Kg3 Kg5 51. Re7 Kf6 52. Rh7 Kf5 53. Rxh3 1/2-1/2

[Event "26th Hit Open-A 2022"]
[Site "Nova Gorica"]
[Date "2022.09.17"]
[Round "3.23"]
[White "Schloffer, Jasmin-Denise"]
[Black "Lavrencic, Matic"]
[Result "0-1"]
[ECO "E46"]
[WhiteElo "2127"]
[BlackElo "2274"]
[Annotator "TA"]
[PlyCount "178"]
[EventDate "2022.09.16"]
[EventType "swiss"]
[EventCountry "SLO"]
[SourceTitle "playchess.com"]
[Source "ChessBase"]
[SourceQuality "1"]
[TimeControl "5400+30"]

1. d4 Nf6 2. c4 e6 3. Nc3 Bb4 4. e3 O-O 5. Nge2 c6 6. a3 {[%emt 0:01:06] E46: Nimzo-Indian: Rubinstein: 4 e3 0-0 5 Ne2 without early Bd3.} Ba5 7. Qc2 d5 8. Ng3 {[%emt 0:02:42] The position is equal.} Nbd7 9. Be2 dxc4 10. Bxc4 e5 11. O-O exd4 12. exd4 Bc7 13. Ba2 Nb6 14. Re1 Nfd5 15. Nce4 Nf4 16. Bxf4 Bxf4 17. Rad1 Nd5 {[%emt 0:05:42] [#]} 18. Bb1 $146 ({Predecessor:} 18. Nc5 Bg4 19. f3 Bc8 20. Qe4 Qg5 21. Nf1 Bh3 22. Qc2 Ne3 23. Nxe3 Bxe3+ 24. Kh1 {1-0 (47) Sowray,P (2322)-Murphy,C (2313) England 2018}) 18... g6 19. Nc3 Bg4 20. Nge2 Bc7 {[%emt 0:03:03] Black is much more active.} 21. Nxd5 Qxd5 22. Qe4 Qh5 (22... Qd7 $17 {And now ...Rfe8 would win.} 23. h3 Bxe2 24. Qxe2 Rae8) 23. h3 $11 Be6 24. Nf4 Bxf4 25. Qxf4 Rad8 26. Be4 Qb5 27. Rd2 Rd7 28. Rc1 Rfd8 29. Bf3 Qb6 30. Rcd1 Qa5 31. Qe3 Rd6 32. Qc3 Qb5 33. b4 a6 34. Re1 Qg5 35. Qe3 Qf6 36. Red1 Kg7 37. Qc3 h5 38. Be4 h4 39. a4 Bd5 40. Bxd5 Rxd5 41. a5 Re8 42. Qd3 Qd6 43. Qc3 Re4 44. Rd3 Qe7 45. Re3 {[%emt 0:00:28] [#]} Rxe3 $1 46. fxe3 $17 {[%emt 0:00:14][%mdl 4096] Endgame KQR-KQR} f5 47. Rf1 Kh7 48. Qd2 Rb5 49. Rb1 Qe4 50. Rb2 Kg7 51. Qc3 Kf7 52. Qc4+ Qe6 53. Qd3 Kg7 54. Qc3 Rd5 55. Rf2 Kh7 56. Qd3 Rb5 57. Rb2 Qe7 58. Qc3 Qe4 59. Qd2 $1 g5 60. Qe2 Kg6 {[%emt 0:00:16] Prevents Qh5+.} 61. Qd2 {[%emt 0:01:55] [#]} (61. Qf2 $15) 61... Rd5 (61... g4 $142 $1 {Threatens to win with ...g3.} 62. Rb3 gxh3 63. gxh3 Kf6) 62. Qf2 Qd3 ({Black should try} 62... Rd8 $17) 63. Kh2 (63. Qd2 $11 Qe4 64. Rb3) 63... Rd7 {[%emt 0:00:28] Hoping for ...Re7.} 64. Rd2 Qe4 65. Qf3 Qe6 66. Rf2 $2 (66. Kg1 $17) 66... Re7 $2 (66... g4 $19 {and Black stays clearly on top.} 67. Qe2 g3+ 68. Kg1 gxf2+ 69. Kxf2 Re7) 67. Re2 (67. Rf1 $17 {is a better defense.}) 67... Qd6+ $19 68. g3 (68. Kh1 {was worth a try.}) 68... Re4 $2 ({Stronger than} 68... Qxb4 69. gxh4 Qd6+ 70. Kg1 $11) (68... hxg3+ $19 69. Kg2 Qxb4) 69. Kg2 $2 (69. Rg2 $17 {only move.}) 69... hxg3 70. Qxg3 Qxb4 {[%emt 0:00:33] aiming for ...f4.} 71. Qb8 Qe7 $2 (71... Qxa5 72. Qg8+ Kf6 73. Qf8+ Ke6 74. Qc8+ Kd6 75. Rb2 $15) (71... Qc4 $19 {is more deadly.} 72. Re1 Qd5) 72. Qg8+ $17 Qg7 73. Qc8 $2 (73. Qxg7+ $17 Kxg7 74. Kf3) 73... Qf7 $19 74. Qb8 Re7 $2 (74... f4 {( -> ...f3+)} 75. Kh2 fxe3) 75. Qd6+ Qe6 (75... Kh5 $19 76. Kf2 Re4) 76. Qb4 $2 (76. Qxe6+ $17 {was the crucial defense.} Rxe6 77. Kf3) 76... Qe4+ 77. Kf2 (77. Kh2 {was necessary.} Kh5 78. Qb2) 77... f4 ({Worse is} 77... g4 78. Qd6+ Re6 79. Qg3 $17) 78. Qd6+ Kg7 79. Qc5 fxe3+ 80. Kg1 Re6 $2 (80... Kf6 81. Qd6+ Kf7) 81. Qc4 $2 (81. Rg2 Rg6 82. Qe5+ Qxe5 83. dxe5) 81... Kg6 82. Qb3 Re7 83. Qg8+ Rg7 (83... Kf6 $142 {...Re8 is the strong threat.} 84. Qh8+ Ke6 85. Qg8+ Kd7 86. Qxg5 Qxd4 87. Qg4+ Qxg4+ 88. hxg4 Re4) 84. Qd8 $2 (84. Qb3 {nothing else works.}) 84... Kh7 85. Qf6 Qf4 (85... g4 $142 86. Qh4+ Kg8 87. Qd8+ Kf7 88. Qc7+ Kg6) 86. Qe6 $2 (86. Qe5) 86... g4 87. Qxe3 gxh3+ {[%emt 0:00:14] Black mates.} 88. Kh1 Qf1+ 89. Kh2 Rg2+ {[%emt 0:00:05] Weighted Error Value: White=0.08 (flawless) /Black=0.07 (flawless)} 0-1